TOP OF THE 1ST |
Palm Beach Nationals batting - Pitching for Joplin Blasters : LHP Ben Mills
|
Pitching: LHP Ben Mills
|
|
Batting: RHB Charlie Iacovone
|
0-0: Fly out, F8 (Line Drive, 8RM, EV 95.0 MPH)
|
Batting: LHB Tony Olvera
|
0-0: Fly out, F9 (Flyball, 9LS, EV 92.5 MPH)
|
Batting: RHB Ken Yeadon
|
0-0: Swinging Strike 0-1: Fly out, F8 (Flyball, 8RXD, EV 80.0 MPH)
|
Top of the 1st over - 0 runs, 0 hits, 0 errors, 0 left on base; Palm Beach 0 - Joplin 0 |
BOTTOM OF THE 1ST |
Joplin Blasters batting - Pitching for Palm Beach Nationals : RHP Brian Walker
|
Pitching: RHP Brian Walker
|
|
Batting: RHB John Normand
|
0-0: Foul Ball, location: 2F 0-1: Swinging Strike 0-2: Strikes out swinging
|
Batting: RHB Mike McClung
|
0-0: Fly out, F6 (Popup, 6MS, EV 85.6 MPH)
|
Batting: SHB Gary Woodroffe
|
0-0: Foul Ball, location: 2F 0-1: Foul Ball, location: 2F 0-2: Ball 1-2: Foul Ball, location: 2F 1-2: Foul Ball, location: 2F 1-2: Ball 2-2: Foul Ball, location: 2F 2-2: Reached on error, E2 (Groundball, 15S, EV 61.2 MPH)
|
Batting: RHB Cody Marshall
|
0-0: Ball 1-0: Swinging Strike 1-1: Swinging Strike 1-2: Hit by Pitch Gary Woodroffe to second
|
Batting: RHB Colin Padgett
|
0-0: Called Strike 0-1: Swinging Strike 0-2: Foul Ball, location: 2F 0-2: Strikes out swinging
|
Bottom of the 1st over - 0 runs, 0 hits, 1 error, 2 left on base; Palm Beach 0 - Joplin 0 |
TOP OF THE 2ND |
Palm Beach Nationals batting - Pitching for Joplin Blasters : LHP Ben Mills
|
Batting: RHB Victor Rojas
|
0-0: Ball 1-0: DOUBLE (Flyball, 78XD, EV 101.9 MPH)
|
Batting: RHB Akira Ishihara
|
0-0: Ball 1-0: SINGLE (Line Drive, 78M, EV 103.1 MPH) Victor Rojas to third
|
Batting: RHB Ben Lowe
|
0-0: Called Strike 0-1: Ball 1-1: Swinging Strike 1-2: Ball 2-2: Ball 3-2: Foul Ball, location: 2F 3-2: Base on Balls Akira Ishihara to second
|
Batting: RHB Jason Curry
|
0-0: Called Strike 0-1: Foul Ball, location: 2F 0-2: SINGLE (Groundball, 6, EV 106.2 MPH) Victor Rojas scores Akira Ishihara to third Ben Lowe to second
|
Batting: LHB Ken Westfall
|
0-0: Called Strike 0-1: Ball 1-1: Hit by Pitch Akira Ishihara scores Ben Lowe to third Jason Curry to second
|
Batting: LHB Dusty Jones
|
0-0: Ball 1-0: Swinging Strike 1-1: Foul Ball, location: 2F 1-2: Ball 2-2: Strikes out looking
|
Batting: RHB Charlie Iacovone
|
0-0: Ball 1-0: SINGLE (Flyball, 8LS, EV 90.0 MPH) Ben Lowe scores Jason Curry to third Ken Westfall to second
|
Batting: LHB Tony Olvera
|
0-0: Called Strike 0-1: Reached on error, E3 (Groundball, 3, EV 80.6 MPH) Jason Curry scores Ken Westfall to third Charlie Iacovone to second
|
Batting: RHB Ken Yeadon
|
0-0: Called Strike 0-1: Foul Ball, location: 2F 0-2: Ball 1-2: Foul Ball, location: 2F 1-2: Ball 2-2: Ball 3-2: Foul Ball, location: 2F 3-2: Fly out, F8 (Line Drive, 8LM, EV 96.2 MPH) Runner from 3rd tags up, SCORES, no throw by CF
|
Batting: RHB Victor Rojas
|
0-0: Called Strike 0-1: Called Strike 0-2: Strikes out swinging
|
Top of the 2nd over - 5 runs, 4 hits, 1 error, 2 left on base; Palm Beach 5 - Joplin 0 |
BOTTOM OF THE 2ND |
Joplin Blasters batting - Pitching for Palm Beach Nationals : RHP Brian Walker
|
Batting: RHB Esteban Acuna
|
0-0: Called Strike 0-1: Ball 1-1: Swinging Strike 1-2: Strikes out swinging
|
Batting: LHB Josh Lane
|
0-0: Foul Ball, location: 2F 0-1: Ball 1-1: Ball 2-1: SINGLE (Line Drive, 6MD, EV 95.0 MPH)
|
Batting: LHB Willie Marquez
|
0-0: Ball Josh Lane is caught stealing 2nd base 2-6 1-0: Ball 2-0: DOUBLE (Groundball, 5L, EV 100.0 MPH)
|
Batting: RHB Danny Jefferies
|
0-0: Called Strike 0-1: Foul Ball, location: 2F 0-2: Ball 1-2: Ball 2-2: Strikes out looking
|
Bottom of the 2nd over - 0 runs, 2 hits, 0 errors, 1 left on base; Palm Beach 5 - Joplin 0 |
TOP OF THE 3RD |
Palm Beach Nationals batting - Pitching for Joplin Blasters : LHP Ben Mills
|
Batting: RHB Akira Ishihara
|
0-0: Called Strike 0-1: Swinging Strike 0-2: Ball 1-2: Foul Ball, location: 2F 1-2: Foul Ball, location: 2F 1-2: Foul Ball, location: 2F 1-2: Strikes out swinging
|
Batting: RHB Ben Lowe
|
0-0: Ball 1-0: Ball 2-0: Ball 3-0: Called Strike 3-1: Base on Balls
|
Batting: RHB Jason Curry
|
0-0: Fly out, F9 (Line Drive, 9, EV 84.4 MPH)
|
Batting: LHB Ken Westfall
|
0-0: Ground out U3 (Groundball, 34S, EV 80.0 MPH)
|
Top of the 3rd over - 0 runs, 0 hits, 0 errors, 1 left on base; Palm Beach 5 - Joplin 0 |
BOTTOM OF THE 3RD |
Joplin Blasters batting - Pitching for Palm Beach Nationals : RHP Brian Walker
|
Batting: RHB John Normand
|
0-0: Foul Ball, location: 2F 0-1: Called Strike 0-2: Ground out 1-3 (Groundball, 25, EV 71.2 MPH)
|
Batting: RHB Mike McClung
|
0-0: Called Strike 0-1: DOUBLE (Groundball, 5L, EV 101.2 MPH)
|
Batting: SHB Gary Woodroffe
|
0-0: Called Strike 0-1: Ball 1-1: Swinging Strike 1-2: Ball 2-2: Ball 3-2: SINGLE (Flyball, 4D, EV 95.0 MPH) Mike McClung to third
|
Batting: RHB Cody Marshall
|
0-0: Ball 1-0: Foul Ball, location: 2F 1-1: Foul Ball, location: 2F 1-2: Strikes out looking
|
Batting: RHB Colin Padgett
|
0-0: Ball 1-0: Ball 2-0: Ball 3-0: Called Strike 3-1: Swinging Strike 3-2: Foul Ball, location: 2F 3-2: Strikes out swinging
|
Bottom of the 3rd over - 0 runs, 2 hits, 0 errors, 2 left on base; Palm Beach 5 - Joplin 0 |
TOP OF THE 4TH |
Palm Beach Nationals batting - Pitching for Joplin Blasters : LHP Ben Mills
|
Batting: LHB Dusty Jones
|
0-0: Ball 1-0: Swinging Strike 1-1: Swinging Strike 1-2: Strikes out looking
|
Batting: RHB Charlie Iacovone
|
0-0: Ball 1-0: Ground out 5-3 (Groundball, 56S, EV 85.0 MPH)
|
Batting: LHB Tony Olvera
|
0-0: Ball 1-0: Ground out 4-3 (Groundball, 4D, EV 103.1 MPH)
|
Top of the 4th over - 0 runs, 0 hits, 0 errors, 0 left on base; Palm Beach 5 - Joplin 0 |
BOTTOM OF THE 4TH |
Joplin Blasters batting - Pitching for Palm Beach Nationals : RHP Brian Walker
|
Batting: RHB Esteban Acuna
|
0-0: Ball 1-0: Called Strike 1-1: Foul Ball, location: 2F 1-2: Foul Ball, location: 2F 1-2: Strikes out swinging
|
Batting: LHB Josh Lane
|
0-0: Swinging Strike 0-1: Swinging Strike 0-2: Strikes out swinging
|
Batting: LHB Willie Marquez
|
0-0: Foul Ball, location: 2F 0-1: Ball 1-1: Ball 2-1: Ball 3-1: SINGLE (Groundball, 6S, EV 65.6 MPH) (infield hit)
|
Batting: RHB Danny Jefferies
|
0-0: Foul Ball, location: 2F 0-1: SINGLE (Flyball, 6D, EV 86.9 MPH) Willie Marquez to second
|
Batting: RHB John Normand
|
0-0: Ball 1-0: Ball 2-0: Ball 3-0: Called Strike 3-1: Base on Balls Willie Marquez to third Danny Jefferies to second
|
Batting: RHB Mike McClung
|
0-0: Ball 1-0: Ground out 4-3 (Groundball, 4S, EV 64.4 MPH)
|
Bottom of the 4th over - 0 runs, 2 hits, 0 errors, 3 left on base; Palm Beach 5 - Joplin 0 |
TOP OF THE 5TH |
Palm Beach Nationals batting - Pitching for Joplin Blasters : LHP Ben Mills
|
Batting: RHB Ken Yeadon
|
0-0: Ball 1-0: SINGLE (Groundball, 34D, EV 105.6 MPH)
|
Batting: RHB Victor Rojas
|
0-0: Ball 1-0: Called Strike 1-1: SINGLE (Line Drive, 8LS, EV 103.1 MPH) Ken Yeadon to second
|
Batting: RHB Akira Ishihara
|
0-0: Called Strike 0-1: Ball 1-1: Called Strike 1-2: Foul Ball, location: 2F 1-2: Strikes out swinging
|
Batting: RHB Ben Lowe
|
0-0: Called Strike 0-1: Ball 1-1: Swinging Strike 1-2: Ball 2-2: Strikes out swinging
|
Batting: RHB Jason Curry
|
0-0: Ball 1-0: Swinging Strike 1-1: Called Strike 1-2: Ball 2-2: Ball 3-2: Strikes out swinging
|
Top of the 5th over - 0 runs, 2 hits, 0 errors, 2 left on base; Palm Beach 5 - Joplin 0 |
BOTTOM OF THE 5TH |
Joplin Blasters batting - Pitching for Palm Beach Nationals : RHP Brian Walker
|
Pitching: LHP Kevin Perrell
|
|
Batting: SHB Gary Woodroffe
|
0-0: Called Strike 0-1: Ball 1-1: Ball 2-1: Foul Ball, location: 2F 2-2: Ball 3-2: Strikes out swinging
|
Batting: RHB Cody Marshall
|
0-0: Ball 1-0: Foul Ball, location: 2F 1-1: Ground out 4-3 (Groundball, 4, EV 78.8 MPH)
|
Batting: RHB Colin Padgett
|
0-0: Ball 1-0: Swinging Strike 1-1: Swinging Strike 1-2: Strikes out swinging
|
Bottom of the 5th over - 0 runs, 0 hits, 0 errors, 0 left on base; Palm Beach 5 - Joplin 0 |
TOP OF THE 6TH |
Palm Beach Nationals batting - Pitching for Joplin Blasters : LHP Ben Mills
|
Pitching: RHP Zong-yuan Xue
|
|
Batting: LHB Ken Westfall
|
0-0: Ball 1-0: Swinging Strike 1-1: Called Strike 1-2: Ball 2-2: Strikes out swinging
|
Batting: LHB Dusty Jones
|
0-0: Called Strike 0-1: Ball 1-1: Ball 2-1: Fly out, F7 (Flyball, 7D, EV 106.2 MPH)
|
Batting: RHB Charlie Iacovone
|
0-0: SINGLE (Line Drive, 8RS, EV 98.1 MPH)
|
Batting: LHB Tony Olvera
|
0-0: Ground out 1-3 (Groundball, 34S, EV 64.4 MPH)
|
Top of the 6th over - 0 runs, 1 hit, 0 errors, 1 left on base; Palm Beach 5 - Joplin 0 |
BOTTOM OF THE 6TH |
Joplin Blasters batting - Pitching for Palm Beach Nationals : LHP Kevin Perrell
|
Batting: RHB Esteban Acuna
|
0-0: Ball 1-0: DOUBLE (Flyball, 89D, EV 103.8 MPH)
|
Batting: LHB Josh Lane
|
0-0: Called Strike 0-1: Ball 1-1: Ball 2-1: Called Strike 2-2: Strikes out swinging
|
Batting: LHB Willie Marquez
|
0-0: Ball 1-0: Foul Ball, location: 2F 1-1: Ball 2-1: Ball 3-1: Swinging Strike 3-2: Foul Ball, location: 2F 3-2: Foul Ball, location: 2F 3-2: Foul Ball, location: 2F 3-2: Base on Balls
|
Batting: RHB Danny Jefferies
|
0-0: Ball 1-0: Called Strike 1-1: Called Strike 1-2: Ball 2-2: Ball 3-2: Strikes out swinging
|
Batting: RHB John Normand
|
0-0: Called Strike 0-1: 3-RUN HOME RUN (Flyball, 78XD, EV 113.1 MPH), Distance : 420 ft
|
Pitching: RHP Nate Vandergriff
|
|
Batting: RHB Mike McClung
|
0-0: Ball 1-0: Ball 2-0: Foul Ball, location: 2F 2-1: Ball 3-1: Base on Balls
|
Batting: SHB Gary Woodroffe
|
0-0: Called Strike 0-1: Swinging Strike 0-2: Strikes out looking
|
Bottom of the 6th over - 3 runs, 2 hits, 0 errors, 1 left on base; Palm Beach 5 - Joplin 3 |
TOP OF THE 7TH |
Palm Beach Nationals batting - Pitching for Joplin Blasters : RHP Zong-yuan Xue
|
Batting: RHB Ken Yeadon
|
0-0: Ball 1-0: Called Strike 1-1: Ball 2-1: Ball 3-1: Base on Balls
|
Batting: RHB Victor Rojas
|
0-0: Ball 1-0: Ball 2-0: Ball 3-0: Foul Ball, location: 2F 3-1: Foul Ball, location: 2F 3-2: SINGLE (Line Drive, 8RS, EV 112.5 MPH) Ken Yeadon to second
|
Batting: RHB Akira Ishihara
|
0-0: Called Strike 0-1: Called Strike 0-2: Ball 1-2: Ball 2-2: Ball 3-2: DOUBLE (Flyball, 78D, EV 93.1 MPH) Ken Yeadon scores Victor Rojas to third
|
Pinch Hitting: RHB Colin Morris
|
0-0: Intentional Walk
|
Pinch Hitting: RHB Jon Ortiz
|
0-0: Ball 1-0: Called Strike 1-1: Swinging Strike 1-2: Grounds into double play, 4-2-3 (Groundball, 34, EV 103.1 MPH) Akira Ishihara to third Colin Morris to second
|
Pitching: RHP Brian Owens
|
|
Batting: LHB Ken Westfall
|
0-0: Called Strike 0-1: Called Strike 0-2: Foul Ball, location: 2F 0-2: Ball 1-2: Strikes out looking
|
Top of the 7th over - 1 run, 2 hits, 0 errors, 2 left on base; Palm Beach 6 - Joplin 3 |
BOTTOM OF THE 7TH |
Joplin Blasters batting - Pitching for Palm Beach Nationals : RHP Nate Vandergriff
|
Now at 3B: Alex Gonzalez
|
|
Now at SS: Ivan Torres
|
|
Batting: RHB Cody Marshall
|
0-0: Foul Ball, location: 2F 0-1: Ball 1-1: Foul Ball, location: 2F 1-2: Ball 2-2: Strikes out swinging
|
Batting: RHB Colin Padgett
|
0-0: Called Strike 0-1: Ball 1-1: Ball 2-1: Called Strike 2-2: Strikes out looking
|
Pinch Hitting: RHB Mike Stokes
|
0-0: Foul Ball, location: 2F 0-1: Called Strike 0-2: Foul Ball, location: 2F 0-2: Hit by Pitch
|
Batting: LHB Josh Lane
|
0-0: Foul Ball, location: 2F 0-1: Swinging Strike 0-2: Fielders Choice at 2nd, U4 (Groundball, 4M, EV 88.8 MPH)
|
Bottom of the 7th over - 0 runs, 0 hits, 0 errors, 1 left on base; Palm Beach 6 - Joplin 3 |
TOP OF THE 8TH |
Palm Beach Nationals batting - Pitching for Joplin Blasters : RHP Brian Owens
|
Now in CF: Nate Brewer
|
|
Batting: LHB Dusty Jones
|
0-0: Called Strike 0-1: Called Strike 0-2: Foul Ball, location: 2F 0-2: Ball 1-2: Strikes out swinging
|
Batting: RHB Charlie Iacovone
|
0-0: Swinging Strike 0-1: Ball 1-1: Ball 2-1: Foul Ball, location: 2F 2-2: Strikes out swinging
|
Batting: LHB Tony Olvera
|
0-0: Called Strike 0-1: Ground out U3 (Groundball, 34, EV 100.6 MPH)
|
Top of the 8th over - 0 runs, 0 hits, 0 errors, 0 left on base; Palm Beach 6 - Joplin 3 |
BOTTOM OF THE 8TH |
Joplin Blasters batting - Pitching for Palm Beach Nationals : RHP Nate Vandergriff
|
Batting: LHB Willie Marquez
|
0-0: Ball 1-0: Swinging Strike 1-1: Foul Ball, location: 2F 1-2: Ball 2-2: Strikes out looking
|
Pinch Hitting: RHB Tanner Holland
|
0-0: Hit by Pitch
|
Pitching: RHP Cody Hadden
|
|
Batting: RHB John Normand
|
0-0: Ball 1-0: Ball 2-0: Ball 3-0: Called Strike 3-1: Fielders Choice at 2nd, 5-4 (Groundball, 56, EV 90.6 MPH)
|
Batting: RHB Mike McClung
|
0-0: Foul Ball, location: 2F 0-1: Swinging Strike 0-2: SINGLE (Groundball, 4MD, EV 106.2 MPH) John Normand to second Throwing error, E8 John Normand scores Mike McClung to second
|
Batting: SHB Gary Woodroffe
|
0-0: Called Strike 0-1: Ball 1-1: Ground out 6-3 (Groundball, 4M, EV 83.8 MPH)
|
Bottom of the 8th over - 1 run, 1 hit, 1 error, 1 left on base; Palm Beach 6 - Joplin 4 |
TOP OF THE 9TH |
Palm Beach Nationals batting - Pitching for Joplin Blasters : RHP Brian Owens
|
Now in RF: Matt Weddle
|
|
Batting: RHB Ken Yeadon
|
0-0: Called Strike 0-1: Ball 1-1: Called Strike 1-2: Foul Ball, location: 2F 1-2: Foul Ball, location: 2F 1-2: Ball 2-2: Ball 3-2: Base on Balls
|
Batting: RHB Victor Rojas
|
0-0: Ball Ken Yeadon is caught stealing 2nd base 2-4 1-0: Ground out 6-3 (Groundball, 6, EV 109.4 MPH)
|
Batting: RHB Akira Ishihara
|
0-0: Ball 1-0: Foul Ball, location: 2F 1-1: Ball 2-1: Foul Ball, location: 2F 2-2: Ball 3-2: Strikes out swinging
|
Top of the 9th over - 0 runs, 0 hits, 0 errors, 0 left on base; Palm Beach 6 - Joplin 4 |
BOTTOM OF THE 9TH |
Joplin Blasters batting - Pitching for Palm Beach Nationals : RHP Cody Hadden
|
Now at 2B: Alex Gonzalez
|
|
Now at 3B: Trent Spivey
|
|
Batting: RHB Cody Marshall
|
0-0: Called Strike 0-1: Ball 1-1: Swinging Strike 1-2: Strikes out swinging
|
Batting: RHB Colin Padgett
|
0-0: Ball 1-0: Ball 2-0: Called Strike 2-1: SOLO HOME RUN (Flyball, 78XD, EV 103.1 MPH), Distance : 401 ft
|
Pinch Hitting: RHB Leo Lopez
|
0-0: Foul Ball, location: 2F 0-1: Called Strike 0-2: Strikes out swinging
|
Pinch Hitting: RHB Dustin Peterson
|
0-0: Ball 1-0: Ball 2-0: Ground out 6-3 (Groundball, 6, EV 83.8 MPH)
|
Bottom of the 9th over - 1 run, 1 hit, 0 errors, 0 left on base; Palm Beach 6 - Joplin 5 |
|